AoeStats
← WalkReyPok

Arabia

508128788Analyzed
3v3 RM · 11d ago on Sep 21, 2026· 83m 13s· 6 players
Game mode
Random Map
Map size
Normal (6 player)
Population
200
Speed
Normal
Resources
Standard
Victory
Conquest
Starting age
Dark Age
Ending age
Imperial Age
RankedLock teamsTeams togetherTeam positionsShared explorationLock speedFull tech treeHidden civsTurbo modeCheats
Victory
Defeat
🇦🇷 Goths · Argentina
935
+15
🇦🇷 Persians · Argentina
935
+15
🇦🇷 Vietnamese · Argentina
928
+16
🇨🇴 Koreans · Colombia
951
-16
🇺🇸 Ethiopians · United States
911
-15
🇲🇽 Lithuanians · Mexico
899
-15
MKNT NavyBlock
3:48 Loom
8:19 Loom
10:42 Feudal Age
22:37 Castle Age
22:44 Wheelbarrow
22:05 Gold Mining
22:03 Double-Bit Axe
22:04 Horse Collar
24:07 Stone Mining
23:45 Crossbowman
24:31 Thumb Ring
25:19 Fletching
25:30 Padded Archer Armor
27:01 Bodkin Arrow
27:21 Leather Archer Armor
28:46 Forging
28:41 Squires
28:27 Arson
31:07 Hand Cart
39:57 Imperial Age
40:35 Arbalester
45:34 Cavalier
47:02 Husbandry
49:37 Heavy Plow
49:26 Light Cavalry
52:29 Fortified Wall
52:17 Murder Holes
53:02 Gold Shaft Mining
53:03 Stone Shaft Mining
56:38 Bow Saw
56:31 Bracer
57:08 Ring Archer Armor
63:04 Hussar
66:17 Two-Man Saw
77:11 Caravan
MKNT | MSP
6:37 Loom
9:49 Feudal Age
13:10 Double-Bit Axe
13:50 Fletching
22:12 Castle Age
22:42 Gold Mining
22:16 Crossbowman
23:36 Bodkin Arrow
29:23 Wheelbarrow
30:59 Thumb Ring
39:31 Imperial Age
37:17 Hand Cart
40:40 Eupseong
43:24 Arbalester
45:30 Chemistry
47:15 Pikeman
53:16 Bracer
56:20 Ballistics
56:12 Masonry
57:08 Murder Holes
60:22 Caravan
62:12 Architecture
73:06 Scale Barding Armor
73:12 Forging
72:46 Elite Skirmisher
73:52 Husbandry
75:57 Light Cavalry
77:12 Forging
77:08 Horse Collar
Carrillo
12:00 Feudal Age
18:13 Horse Collar
19:53 Wheelbarrow
21:21 Bloodlines
25:59 Castle Age
25:13 Scale Barding Armor
25:00 Double-Bit Axe
26:00 Gold Mining
27:36 Chain Barding Armor
27:22 Heavy Plow
28:16 Hand Cart
28:36 Husbandry
36:56 Imperial Age
34:17 Loom
34:24 Stone Mining
38:12 Cavalier
39:58 Plate Barding Armor
43:34 Stone Shaft Mining
43:36 Elite Leitis
44:54 Hoardings
44:42 Conscription
46:18 Crop Rotation
49:03 Paladin
52:34 Bow Saw
53:00 Fervor
52:58 Town Watch
60:16 Man-at-Arms
61:10 Forging
61:00 Scale Mail Armor
61:12 Long Swordsman
63:20 Caravan
64:18 Town Patrol
65:39 Pikeman
68:16 Two-Handed Swordsman
73:37 Hill Forts
78:08 Champion
78:09 Halberdier
81:28 Two-Man Saw
80:16 Light Cavalry
81:20 Squires
81:06 Arson
WalkReyPok
11:05 Feudal Age
11:42 Double-Bit Axe
13:38 Horse Collar
16:13 Loom
19:54 Castle Age
17:42 Man-at-Arms
20:17 Scale Mail Armor
20:27 Forging
21:26 Bow Saw
22:20 Long Swordsman
23:15 Squires
24:44 Chain Mail Armor
26:04 Wheelbarrow
26:33 Anarchy
34:10 Pikeman
39:17 Iron Casting
52:04 Imperial Age
59:19 Halberdier
65:38 Capped Ram
69:28 Elite Huskarl
75:51 Two-Handed Swordsman
emistanoff
2:56 Loom
10:29 Feudal Age
19:39 Castle Age
18:39 Double-Bit Axe
22:47 Padded Archer Armor
26:07 Bow Saw
25:53 Gold Mining
25:54 Stone Mining
27:22 Wheelbarrow
30:46 Horse Collar
40:01 Heavy Plow
44:36 Imperial Age
43:37 Husbandry
43:47 Bloodlines
44:25 Forging
44:20 Scale Barding Armor
44:02 Pikeman
45:38 Crop Rotation
46:10 Two-Man Saw
45:05 Town Watch
48:54 Halberdier
51:59 Cavalier
53:04 Hand Cart
52:49 Town Patrol
61:15 Light Cavalry
62:32 Hussar
65:20 Squires
65:06 Arson
74:37 Iron Casting
74:03 Scale Mail Armor
lucas.tapiales
6:21 Loom
11:45 Feudal Age
14:24 Horse Collar
16:12 Bloodlines
22:57 Forging
28:02 Castle Age
27:00 Double-Bit Axe
29:35 Fletching
29:46 Padded Archer Armor
32:23 Bow Saw
33:05 Bodkin Arrow
33:48 Heavy Plow
34:08 Light Cavalry
35:21 Elite Skirmisher
39:17 Leather Archer Armor
47:40 Thumb Ring
56:30 Imperial Age
57:31 Imperial Skirmisher
58:32 Pikeman
59:45 Crop Rotation
59:42 Paper Money
59:20 Halberdier
61:40 Two-Man Saw
62:15 Scale Mail Armor
62:51 Iron Casting
64:54 Ring Archer Armor
64:25 Bracer
65:01 Iron Casting
66:29 Chain Mail Armor
71:13 Chemistry
70:34 Ballistics
75:59 Wheelbarrow
81:22 Plate Mail Armor
Connection lost

Rejoining the realm…

Still unreachable

The connection could not be restored.

Session expired

The server has moved on; the page needs a fresh start.